 Dungeon Crawl Stone Soup version 0.29-a0-1008-g949cc1d0fb (webtiles) character file.

Game seed: 3741347588725620927

3728 concernfroge the Fighter (level 9, -7/78 HPs)
             Began as a Mummy Monk on Aug 7, 2022.
             Was a Priest of Cheibriados.
             Mangled by a four-headed hydra (8 damage)
             ... on level 9 of the Dungeon.
             The game lasted 00:27:01 (9216 turns).

concernfroge the Fighter (Mummy Monk)               Turns: 9216, Time: 00:27:02

Health: -7/78      AC: 14    Str: 22    XL:     9   Next: 92%
Magic:  15/15      EV:  7    Int: 18    God:    Cheibriados [***...]
Gold:   359        SH:  0    Dex: 22    Spells: 8/8 levels left

rFire   x . .      SeeInvis +   g - +0 dire flail
rCold   + . .      Faith    +   (shield currently unavailable)
rNeg    + + +      Spirit   .   e - +0 plate armour
rPois   ∞          Reflect  .   k - +2 helmet
rElec   +          Harm     .   (no cloak)
rCorr   +          Rampage  .   (no gloves)
Will    ++++.                   p - +0 pair of boots of Terror {rElec Will+++ rCorr Str-4}
Stlth   ..........              h - amulet of faith
HPRegen 0.23/turn               o - ring of see invisible
MPRegen 0.14/turn               (no ring)

@: very slow
A: cold resistance 1, negative energy resistance 3, torment resistance 2, heat
vulnerability 1, in touch with death 1, no potions
a: Renounce Religion, Bend Time, Temporal Distortion


You were on level 9 of the Dungeon.
You worshipped Cheibriados.
Cheibriados was most pleased with you.
You visited 2 branches of the dungeon, and saw 10 of its levels.

You collected 359 gold pieces.

Inventory:

Hand Weapons
 d - the +3 woodcutter's axe {vorpal}
   (You found it on level 6 of the Dungeon)

   It inflicts extra damage upon your enemies.
 g - a +0 dire flail (weapon)
Missiles
 f - 18 poisoned darts (quivered)
Armour
 e - a +0 plate armour (worn)
 k - a +2 helmet (worn)
 p - the +0 pair of boots of Terror (worn) {rElec Will+++ rCorr Str-4}
   (You acquired it on level 7 of the Dungeon)

   Str:       It affects your strength (-4).
   rElec:     It insulates you from electricity.
   rCorr:     It protects you from acid and corrosion.
   Will:      It greatly increases your willpower.
 r - a +0 kite shield
Jewellery
 h - an amulet of faith (around neck)
 o - a ring of see invisible (left hand)
Wands
 b - a wand of charming (5)
 n - a wand of light (3)
Scrolls
 a - a scroll of butterflies
 c - 2 scrolls of identify
 j - 3 scrolls of noise
 l - a scroll of immolation
 m - a scroll of blinking
 q - 2 scrolls of enchant weapon


   Skills:
 - Level 10.0 Fighting
 + Level 4.2 Maces & Flails
 - Level 2.4 Polearms
 - Level 2.4 Dodging
 - Level 1.5 Stealth
 - Level 8.5 Invocations


You had 8 spell levels left.
You didn't know any spells.
Your spell library contained the following spells:

 Spells                   Type           Power      Damage    Failure   Level
 Apportation              Tloc           0%         N/A       99%         1
 Necrotise                Necr           0%         1d4       99%         1
 Shock                    Conj/Air       0%         1d3       99%         1
 Summon Small Mammal      Summ           0%         N/A       99%         1
 Ensorcelled Hibernation  Hex/Ice        0%         N/A       100%        2
 Ignite Poison            Fire/Tmut/Pois 0%         N/A       100%        3
 Mephitic Cloud           Conj/Pois/Air  0%         N/A       100%        3
 Swiftness                Air            0%         N/A       100%        3
 Airstrike                Air            0%         2d(0-16)  100%        4
 Anguish                  Hex/Necr       0%         N/A       100%        4
 Freezing Cloud           Conj/Ice/Air   0%         6-21      100%        5
 Spider Form              Tmut/Pois      Unusable   N/A       N/A         3

Dungeon Overview and Level Annotations

Branches:
Dungeon (9/15)             Temple (1/1) D:6
   Lair: D:8-11         Orc: D:9-12

Altars:
Ashenzari
Cheibriados
Dithmenos
Fedhas
Gozag
Hepliaklqana
Kikubaaqudgha
Makhleb
Okawaru
Qazlal
Ru
Trog
Uskayaw
Vehumet
Wu Jian
Xom
Yredelemnul


Innate Abilities, Weirdness & Mutations

You are immune to poison.
Your flesh is cold resistant. (rC+)
You are immune to negative energy. (rN+++)
You are immune to unholy pain and torment.
You are vulnerable to heat. (rF-)
You are in touch with the powers of death.
You do not drink.


Message History

The four-headed hydra bites you.
You puncture the four-headed hydra!
The four-headed hydra is heavily wounded.
The four-headed hydra bites you but does no damage.
The four-headed hydra barely misses you.
The four-headed hydra bites you.
The four-headed hydra barely misses you.
You hit the four-headed hydra.
The four-headed hydra is heavily wounded.
The four-headed hydra bites you!
The four-headed hydra barely misses you.
The four-headed hydra bites you.
The four-headed hydra bites you but does no damage.
Aiming: Bolt of Light
Press: ? - help, Shift-Dir - straight line, f/p - four-headed hydra
Aim: a four-headed hydra (heavily wounded, 90% to hit)
The bolt of light hits the four-headed hydra!
The four-headed hydra is severely wounded.
The four-headed hydra is blinded.
The four-headed hydra bites you but does no damage.
The four-headed hydra barely misses you.
The four-headed hydra bites you! x2
* * * LOW HITPOINT WARNING * * *
You strike the helpless four-headed hydra from behind!
You hit the four-headed hydra.
The four-headed hydra is severely wounded.
The four-headed hydra bites you but does no damage. x2
The four-headed hydra closely misses you.
The four-headed hydra barely misses you.
The four-headed hydra bites you but does no damage.
The four-headed hydra bites you!
* * * LOW HITPOINT WARNING * * *
The four-headed hydra bites you but does no damage.
The four-headed hydra bites you!
* * * LOW HITPOINT WARNING * * *
Unknown command.
You barely miss the four-headed hydra.
The four-headed hydra is severely wounded.
The four-headed hydra bites you!
You die...

############
#..........#
..#.#.#.#..###
.............#
..#.#.#.#....#
.............#
..#.#.#D#....#
........@....#
..#.#.#.#....#
.............#
....#.#......#
... #.#......#
## #.+..>..[##
# #.......#
###+###.##
#.###.†####


You could see a four-headed hydra (blind).

Vanquished Creatures
  A wyvern (D:7)
  10 yaks
  2 steam dragons (D:8)
  2 water moccasins
  An ice beast (D:8)
  An orc warrior (D:7)
  A sky beast (D:7)
  A black bear (D:4)
  A centaur (D:7)
  A kobold brigand (D:8)
  4 bullfrogs
  An electric eel (D:7)
  3 howler monkeys (D:7)
  2 gnoll boudas
  4 hounds
  An orc priest (D:6)
  5 iguanas
  6 orc wizards
  16 gnolls
  5 adders
  A shadow imp (D:5)
  3 white imps
  2 ufetubi
  4 worms
  30 orcs
  6 ball pythons
  5 endoplasms
  4 giant cockroaches
  4 goblins
  5 hobgoblins
  3 quokkas
  5 bats
  A frilled lizard (D:3)
  6 kobolds
  5 rats
152 creatures vanquished.

Vanquished Creatures (collateral kills)
  An orc (D:3)
1 creature vanquished.

Grand Total: 153 creatures vanquished

Notes
Turn   | Place    | Note
-------+----------+-------------------------------------------
     0 | D:1      | concernfroge the Mummy Monk began the quest for the Orb.
     0 | D:1      | Reached XP level 1. HP: 18/18 MP: 1/1
    64 | D:1      | Found a faded altar of an unknown god.
   169 | D:1      | Reached XP level 2. HP: 12/24 MP: 2/2
   739 | D:2      | Reached skill level 4 in Fighting
  1096 | D:2      | Gained mutation: You are in touch with the powers of death.
                  | [Mummy growth]
  1096 | D:2      | Reached XP level 3. HP: 30/30 MP: 3/3
  1514 | D:3      | Reached skill level 5 in Fighting
  1514 | D:3      | Reached XP level 4. HP: 35/39 MP: 4/4
  2247 | D:3      | Found a faded altar of an unknown god.
  2272 | D:3      | Found a blossoming altar of Fedhas.
  2561 | D:4      | Noticed a black bear
  2912 | D:4      | Reached XP level 5. HP: 35/46 MP: 5/5
  2928 | D:4      | Killed a black bear
  2929 | D:4      | Reached skill level 6 in Fighting
  3243 | D:4      | Reached XP level 6. HP: 40/53 MP: 6/6
  3322 | D:4      | Found a radiant altar of Vehumet.
  3513 | D:4      | Reached skill level 7 in Fighting
  3911 | D:5      | Entered Level 5 of the Dungeon
  4917 | D:5      | Reached skill level 8 in Fighting
  4925 | D:5      | Reached XP level 7. HP: 39/62 MP: 7/7
  5108 | D:5      | Found a burning altar of Makhleb.
  5880 | D:6      | Found a staircase to the Ecumenical Temple.
  5880 | D:6      | Found the +3 woodcutter's axe {vorpal}
  5906 | Temple   | Entered the Ecumenical Temple
  6322 | Temple   | Became a worshipper of Cheibriados the Contemplative
  6322 | Temple   | Reached * piety under Cheibriados
  6322 | Temple   | Reached ** piety under Cheibriados
  6408 | D:6      | Reached skill level 9 in Fighting
  6997 | D:7      | Reached skill level 1 in Invocations
  7004 | D:7      | Reached XP level 8. HP: 64/72 MP: 8/8
  7418 | D:7      | Reached skill level 10 in Fighting
  7571 | D:7      | Reached *** piety under Cheibriados
  7785 | D:7      | Reached skill level 5 in Invocations
  7798 | D:7      | Identified a scroll of acquirement
  7895 | D:7      | Acquired the +0 pair of boots of Terror {rElec Will+++
                  | rCorr Str-4}
  7980 | D:8      | Reached XP level 9. HP: 68/78 MP: 13/13
  8474 | D:8      | Reached skill level 1 in Maces & Flails
  9203 | D:9      | Noticed a four-headed hydra
  9215 | D:9      | HP: 1/78 [four-headed hydra (10)]
  9216 | D:9      | Mangled by a four-headed hydra

Illustrated notes

Levels and vault maps discovered:
D:1:      giann_bridges, layout_rooms, basic_ecumenical_altar, minivault_26
D:2:      layout_loops_ring
D:3:      layout_loops_corners, nicolae_overflow_ecumenical_swirl,
          reono_crystal_passage, minmay_pentomino_pile
D:4:      layout_cave_pools, nicolae_vehumet_radiance, serial_column_ruins,
          column_ruins_square_huge, column_ruins_square_medium,
          column_ruins_open_tiny, column_ruins_corridor_straight,
          column_ruins_corridor_straight, column_ruins_open_tiny,
          column_ruins_open_tiny
D:5:      layout_cave_pods, lemuel_round_altar
D:6:      layout_rooms, minmay_temple_entry_tees
D:7:      layout_cave_pools, minivault_4
D:8:      layout_loops_cross, serial_glass, glass_columns_b, glass_columns_a,
          glass_columns_a, glass_columns_a
D:9:      layout_roguey, lemuel_blue_sif_altar, mainiacjoe_overflow_alcove_4,
          serial_glass, glass_columns_c, glass_columns_b
Temple:   minmay_crystal_spiral_temple

Skill      XL: |  1  2  3  4  5  6  7  8  9 |
---------------+----------------------------+-----
Fighting       | 4 5 6 8 9 10 | 10.0
Invocations    | 1 6 8 |  8.5
Maces & Flails | 4 |  4.2
Polearms       | |  2.4
Dodging        | |  2.4
Stealth        | |  1.5

Action                   |  1- 3 |  4- 6 |  7- 9 || total
-------------------------+-------+-------+-------++-------
Melee: Spear             |    18 |       |       ||    18
       Hand axe          |     7 |       |       ||     7
       Whip              |    56 |    74 |       ||   130
       Punch             |       |     3 |       ||     3
       Trident           |       |    75 |       ||    75
       Halberd           |       |    28 |    53 ||    81
       Battleaxe         |       |       |   154 ||   154
       Dire flail        |       |       |     8 ||     8
Throw: Dart              |     2 |    16 |    17 ||    35
Invok: Bend Time         |       |       |     2 ||     2
Evoke: Wand              |       |       |     3 ||     3
  Use: Scroll            |     1 |     7 |    10 ||    18
 Stab: Invisible         |       |       |     2 ||     2
       Distracted        |       |       |     1 ||     1
Armor: Robe              |     6 |       |       ||     6
       Ring mail         |     4 |       |       ||     4
       Scale mail        |    15 |    78 |       ||    93
       Plate armour      |       |    46 |   154 ||   200
Dodge: Dodged            |    29 |   112 |    67 ||   208

Table legend: (Time is in decaauts)
 A = Elapsed time spent in this place.
 B = Non-inter-level travel time spent in this place.
 C = Inter-level travel time spent in this place.
 D = Time resting spent in this place.
 E = Time spent auto-exploring this place.
 F = Levels seen in this place.
 G = Mean time per level.
                   A        B        C        D        E       F      G
               +--------+--------+--------+--------+--------+-----+--------+
         Total |  10031 |   9497 |    534 |   1084 |   7039 |  10 | 1003.1 |
       Dungeon |   9597 |   9152 |    445 |    867 |   6928 |   9 | 1066.3 |
        Temple |    434 |    345 |     89 |    217 |    111 |   1 |  434.0 |
               +--------+--------+--------+--------+--------+-----+--------+

Top non-repeatable levels by time:
     D:5: 1653 daAuts
     D:3: 1651 daAuts
     D:8: 1343 daAuts
     D:7: 1184 daAuts
     D:4: 1171 daAuts
     D:6: 919 daAuts
     D:2: 687 daAuts
     D:1: 684 daAuts
  Temple: 434 daAuts
     D:9: 301 daAuts
